 Dungeon Crawl Stone Soup version 0.31-a0-879-g1609e0ac53 (webtiles) character file.

Game seed: 13484825541852979309

70 Kurtz the Sneak (level 4, 0/42 HPs)
             Began as a Naga Delver on Oct 14, 2023.
             Slain by a sleepcap (3 damage)
             ... on level 4 of the Dungeon.
             The game lasted 00:00:59 (296 turns).

Kurtz the Sneak (Naga Delver)                        Turns: 296, Time: 00:01:00

Health: 0/42       AC:  2    Str: 14    XL:     4   Next: 22%
Magic:  4/4        EV:  9    Int: 10    God:
Gold:   31         SH:  0    Dex: 15    Spells: 3/3 levels left

rFire   . . .        a - +0 hand axe
rCold   . . .        (no shield)
rNeg    . . .        b - +0 leather armour
rPois   +            (no helmet)
rElec   .            (no cloak)
rCorr   .            (no gloves)
SInv    +            (no barding)
Will    .....        (no amulet)
Stlth   +++          (no ring)
HPRegen 0.27/turn    (no ring)
MPRegen 0.09/turn

%: no passive effects
@: hasted, quick
A: AC +1, large, see invisible, deformed body, poison resistance, slowness 2,
spit poison 1, naga tail 1
a: Spit Poison


You were on level 4 of the Dungeon.
You visited 1 branch of the dungeon, and saw 2 of its levels.

You collected 31 gold pieces.

Inventory:

Hand Weapons
 a - a +0 hand axe (weapon)
Missiles
 h - 2 poisoned darts (quivered)
Armour
 b - a +0 leather armour (worn)
Wands
 g - a wand of digging (3)
Scrolls
 c - a scroll of fog
 d - a scroll of revelation
 e - a scroll of fear
 i - a scroll of identify {unknown}


   Skills:
 - Level 3.0 Fighting
 * Level 4.3 Axes
 - Level 1.5 Dodging
 - Level 7.2 Stealth


You had 3 spell levels left.
You didn't know any spells.
Your spell library was empty.

Dungeon Overview and Level Annotations

Branches:
Dungeon (5/15)
 Temple: D:4-7

Altars:

Annotations:
D:4 3 runed translucent doors
D:5 exclusion: iguana


Innate Abilities, Weirdness & Mutations

Your serpentine skin is tough. (AC +1)
You have supernaturally acute eyesight. (SInv)
Armour fits poorly on your strangely shaped body.
Your system is resistant to poisons. (rPois)
You cover ground very slowly.
You can spit poison.
You have a snake-like lower body.


Message History

A sleepcap is nearby!
Aiming: Spit Poison (1% risk of failure)
Press: ? - help, Shift-Dir - straight line, f - sleepcap
Aim: a sleepcap (100% to hit)
The splash of poison hits the sleepcap.
The sleepcap is lightly damaged.
Unknown command.
The sleepcap releases spores at you.
You are engulfed in a cloud of soporific spores!
You fall asleep.
The sleepcap releases spores at you!!
You wake up.
Ouch! That really hurt!
You are engulfed in a cloud of soporific spores!
You are unaffected.
You are too injured to fight recklessly!
You are too injured to fight recklessly!
Unknown command.
You are too injured to fight recklessly!
Throw: 3 darts (poison)
Press: ? - help, Q - select action, (/) - cycle Shift-Dir - straight line, f/p - sleepcap
Aim: a sleepcap (lightly damaged, 98% to hit)
You throw a poisoned dart. The poisoned dart hits the sleepcap.
The sleepcap is poisoned.
The sleepcap is lightly damaged.
You have got your breath back.
The sleepcap releases spores at you.
* * * LOW HITPOINT WARNING * * *
You hit the sleepcap but do no damage.
The sleepcap is lightly damaged.
The sleepcap releases spores at you!
* * * LOW HITPOINT WARNING * * *
Unknown command.
You feel yourself speed up. The sleepcap closely misses you.
Unknown command.
You hit the sleepcap but do no damage.
The sleepcap is lightly damaged.
You completely miss the sleepcap.
The sleepcap is lightly damaged.
The sleepcap releases spores at you.
You die...

#.#.#.# ####
#.....# ...#
###.#.# ...# #.#.#
...# #.#.# ...#
#.#.####### ...##
#.#.......#
....####.#######.#
.........># #@#
..........# #f#
.....####.# #.#
####.# #.# ..#
..##.# #.# #.#
#.##.# #.# #.#
#.##.# #.# #.#
#.##.####.# #.#
..........#


You could see a sleepcap (poisoned).

Vanquished Creatures
  A scorpion (D:5)
  A shadow imp (D:5)
  A dart slug (D:4)
  2 endoplasms (D:4)
  A quokka (D:4)
6 creatures vanquished.

Notes
Turn   | Place    | Note
-------+----------+-------------------------------------------
     0 | D:5      | Kurtz the Naga Delver began the quest for the Orb.
     0 | D:5      | Reached XP level 1. HP: 21/21 MP: 1/1
    37 | D:5      | Noticed an iguana
   102 | D:5      | Noticed a scorpion
   107 | D:5      | Killed a scorpion
   108 | D:5      | Reached XP level 2. HP: 28/28 MP: 2/2
   108 | D:5      | Reached XP level 3. HP: 34/34 MP: 3/3
   127 | D:5      | Reached XP level 4. HP: 27/42 MP: 4/4
   233 | D:4      | Found a runed translucent gate.
   233 | D:4      | Found a runed translucent gate.
   233 | D:4      | Found a runed translucent gate.
   293 | D:4      | HP: 2/42 [sleepcap (7)]
   296 | D:4      | Slain by a sleepcap

Illustrated notes

Levels and vault maps discovered:
D:4:      layout_basic, gammafunk_ghost_icy, item_on_display_a,
          uniq_crazy_yiuf_cottage, uniq_ijyb
D:5:      layout_loops_ring, serial_rivers, chequers_serial_rivers_room_a,
          chequers_serial_rivers_micro_d, chequers_serial_rivers_micro_c,
          chequers_serial_rivers_micro_e, moated_statue

Skill      XL: |  1 |
---------------+----+-----
Axes           | 4 |  4.3
Fighting       | |  3.0
Dodging        | |  1.5
Stealth        | |  7.2

Action                     |  1- 3 |  4- 6 || total
---------------------------+-------+-------++-------
  Melee: Hand axe          |    11 |    12 ||    23
  Throw: Dart              |     3 |     1 ||     4
Ability: Spit Poison       |     2 |     1 ||     3
    Use: Potion            |       |     1 ||     1
   Stab: Sleeping          |       |     2 ||     2
 Armour: Leather armour    |     9 |     7 ||    16
  Dodge: Dodged            |     2 |     5 ||     7

Table legend: (Time is in decaauts)
 A = Elapsed time spent in this place.
 B = Non-inter-level travel time spent in this place.
 C = Inter-level travel time spent in this place.
 D = Time resting spent in this place.
 E = Time spent auto-exploring this place.
 F = Levels seen in this place.
 G = Mean time per level.
                   A        B        C        D        E       F      G
               +--------+--------+--------+--------+--------+-----+--------+
         Total |    378 |    335 |     43 |     50 |    142 |   2 |  189.0 |
       Dungeon |    378 |    335 |     43 |     50 |    142 |   2 |  189.0 |
               +--------+--------+--------+--------+--------+-----+--------+

Top non-repeatable levels by time:
     D:5: 246 daAuts
     D:4: 132 daAuts
